 Dungeon Crawl Stone Soup version 0.22-a0-322-g60b3cfd (webtiles) character file.

2893 mortelune the Reanimator (level 9, -2/69 HPs)
             Began as a Deep Dwarf Necromancer on Apr 2, 2018.
             Was an Initiate of Makhleb.
             Slain by a two-headed ogre
             ... wielding a +0 dire flail
              (5 damage)
             ... on level 7 of the Dungeon.
             The game lasted 00:31:04 (9989 turns).

mortelune the Reanimator (Deep Dwarf Necromancer)   Turns: 9989, Time: 00:31:05

Health: -2/69      AC:  8    Str: 14    XL:     9   Next: 48%
Magic:  13/16      EV: 16    Int: 19    God:    Makhleb [......]
Gold:   420        SH:  0    Dex: 13    Spells: 10/19 levels left

rFire    . . .     SeeInvis +   o - +1 flail
rCold    . . .     Gourm    .   (no shield)
rNeg     + + .     Faith    .   x - +3 leather armour of Dem Guwusust {rN+ Str+2}
rPois    .         Spirit   .   (no helmet)
rElec    .         Reflect  .   e - +0 cloak
rCorr    .         Harm     .   j - +0 pair of gloves
MR       +....                  (no boots)
Stlth    ++........             (no amulet)
HPRegen  0.00/turn              F - ring of positive energy
MPRegen  0.15/turn              z - ring of see invisible

@: non-regenerating
A: damage resistance, heal wounds, sense surroundings 2, no regeneration
a: Heal Wounds, Renounce Religion


You were on level 7 of the Dungeon.
You worshipped Makhleb.
Makhleb was noncommittal.
You were not hungry.

You visited 2 branches of the dungeon, and saw 9 of its levels.

You collected 420 gold pieces.

Inventory:

Hand Weapons
 b - a +0 spear
 o - a +1 flail (weapon)
 w - a +0 quarterstaff of pain
Armour
 a - a +0 robe
 e - a +0 cloak (worn)
 j - a +0 pair of gloves (worn)
 x - the +3 leather armour of Dem Guwusust (worn) {rN+ Str+2}
   (You found it on level 5 of the Dungeon)

   It affects your strength (+2).
   It protects you from negative energy.
Jewellery
 q - an uncursed ring of flight
 z - a ring of see invisible (right hand)
 F - a ring of positive energy (left hand)
Wands
 d - a wand of random effects (16)
 D - a wand of polymorph (16)
Scrolls
 f - a scroll of random uselessness {unknown}
 g - 5 scrolls of fog
 h - 3 scrolls of remove curse
 k - a scroll of enchant weapon
 l - 2 scrolls of magic mapping {unknown}
 m - a scroll of amnesia {unknown}
 p - 3 scrolls of fear
 r - a scroll of immolation {unknown}
 s - 2 scrolls of teleportation
 u - a scroll of identify
 y - a scroll of blinking {unknown}
 C - a scroll of enchant armour {unknown}
 E - a scroll of holy word {unknown}
Potions
 i - a potion of haste {unknown}
 n - a potion of lignification
 t - a potion of resistance
 A - a potion of might {unknown}
 B - a potion of flight
Comestibles
 c - 11 rations


   Skills:
 + Level 0.8 Fighting
 + Level 5.5 Maces & Flails
 + Level 7.7 Dodging
 - Level 3.1 Stealth
 + Level 5.9 Spellcasting
 + Level 8.7 Necromancy


You had 10 spell levels left.
You knew the following spells:

 Your Spells              Type           Power        Failure   Level  Hunger
a - Pain                  Necr           ####         1%          1    None
b - Animate Skeleton      Necr           N/A          1%          1    None
c - Vampiric Draining     Necr           #####.....   1%          3    ##.....
d - Animate Dead          Necr           N/A          4%          4    ####...


Dungeon Overview and Level Annotations

Branches:
Dungeon (8/15)             Temple (1/1) D:6
   Lair: D:8-11

Altars:
Ashenzari
Cheibriados
Dithmenos
Elyvilon
Fedhas
Gozag
Hepliaklqana
Kikubaaqudgha
Makhleb
Nemelex Xobeh
Okawaru
Qazlal
Ru
Sif Muna
Trog
Uskayaw
Vehumet
Wu Jian
Xom
Yredelemnul
Zin
The Shining One

Annotations:
D:4 Nattefrost's ghost, novice GnWz
D:8 Gastronok


Innate Abilities, Weirdness & Mutations

You are resistant to damage.
You can heal yourself by infusing magical energy.
You passively map the area around you.
You do not regenerate.


Message History

The bullfrog zombie completely misses you.
The kobold closely misses you.
There is a stone staircase leading up, spattered with blood here.
The bullfrog zombie hits you. The big kobold hits you.
The two-headed ogre closely misses you. The two-headed ogre barely misses you.
You climb upwards.
There is a stone staircase leading down, spattered with blood here.
Casting: Pain (safe; 1% risk of failure)
Confirm with . or Enter, or press ? or * to list all spells.
Aiming: Vampiric Draining (safe; 1% risk of failure)
Press: ? - help, Shift-Dir - straight line, f - kobold
Aim: a kobold, wielding a whip You kill the kobold!
Makhleb accepts your kill.
You feel life coursing into your body. The big kobold closely misses you.
The two-headed ogre hits you with a dire flail!
The two-headed ogre hits you with a giant spiked club!!
* * * LOW HITPOINT WARNING * * *
The two-headed ogre hits you with a dire flail!
You die...

####....## #........#
#........###############
#........'......).).....
#........###############
#........# #........#
#######.#########
#@##......###
#KO'......'.#
#.##......#.##
#.........#..#
###.......##.#
#.......##.##
####.......##..#
#..........###.##
#..........###..# #


You could see a two-headed ogre and a big kobold.

Vanquished Creatures
  A spriggan (D:7)
  Grum (D:7)
  Eustachio (D:4)
  A sky beast (D:5)
  4 ice beasts
  A black bear (D:7)
  2 wolves
  4 ogres
  2 centaurs
  2 scorpions
  2 howler monkeys
  A crimson imp (D:6)
  3 jellies
  2 orc priests
  6 hounds
  A bullfrog skeleton (D:8)
  Terence (D:2)
  2 iguanas
  An orc wizard (D:7)
  4 worker ants
  A hound skeleton (D:8)
  8 adders
  4 shadow imps
  8 oozes (D:2)
  3 dart slugs
  6 worms
  2 leopard geckos
  11 orcs
  2 ball pythons
  3 giant cockroaches
  8 goblins
  6 hobgoblins
  6 jackals
  2 quokkas
  6 bats
  4 frilled lizards
  18 kobolds
  A leopard gecko skeleton (D:4)
  8 rats
149 creatures vanquished.

Vanquished Creatures (collateral kills)
  Menkaure (D:4)
  Duvessa (D:4)
  A necrophage (D:6)
  Dowan (D:4)
  An orc wizard (D:5)
  A hound skeleton (D:6)
  An adder skeleton (D:5)
  An orc (D:5)
  A bat (D:3)
9 creatures vanquished.

Vanquished Creatures (others)
  9 toadstools (D:2)
9 creatures vanquished.

Grand Total: 167 creatures vanquished

Notes
Turn   | Place    | Note
-------+----------+-------------------------------------------
     0 | D:1      | mortelune the Deep Dwarf Necromancer began the quest for the Orb.
     0 | D:1      | Reached XP level 1. HP: 15/15 MP: 3/3
     6 | D:1      | Learned a level 1 spell: Animate Skeleton
   117 | D:1      | Reached XP level 2. HP: 22/22 MP: 0/4
  1008 | D:2      | Reached XP level 3. HP: 28/28 MP: 4/6
  1088 | D:2      | Learned a level 3 spell: Vampiric Draining
  1113 | D:2      | Found a radiant altar of Vehumet.
  1355 | D:2      | Noticed Terence
  1362 | D:2      | Killed Terence
  1442 | D:2      | Reached XP level 4. HP: 34/36 MP: 1/7
  1600 | D:2      | Reached skill level 5 in Necromancy
  2429 | D:1      | Reached XP level 5. HP: 20/42 MP: 1/9
  3147 | D:2      | Found a shadowy altar of Dithmenos.
  3147 | D:2      | Found a shimmering altar of Xom.
  3219 | D:3      | Learned a level 4 spell: Animate Dead
  3260 | D:3      | Found a basalt altar of Yredelemnul.
  3260 | D:3      | Found a blossoming altar of Fedhas.
  3627 | D:3      | Noticed a centaur
  3633 | D:3      | Killed a centaur
  3633 | D:3      | Reached XP level 6. HP: 35/49 MP: 0/10
  3924 | D:3      | Found a glowing golden altar of the Shining One.
  4143 | D:4      | Noticed Nattefrost's ghost (novice GnWz)
  4394 | D:4      | Reached skill level 6 in Necromancy
  4738 | D:4      | Noticed Menkaure
  4745 | D:4      | Noticed Dowan
  4748 | D:4      | Noticed Duvessa
  4755 | D:4      | Noticed Eustachio
  4781 | D:5      | Entered Level 5 of the Dungeon
  4789 | D:5      | Reached skill level 1 in Maces & Flails
  4968 | D:5      | Reached XP level 7. HP: 18/55 MP: 1/12
  5243 | D:5      | Reached skill level 5 in Dodging
  6235 | D:5      | Got a shimmering leather armour
  6433 | D:5      | Identified the +3 leather armour of Dem Guwusust {rN+ Str+2} (You found it on level 5 of the Dungeon)
  6556 | D:6      | Reached XP level 8. HP: 41/62 MP: 8/13
  6567 | D:6      | Reached skill level 7 in Necromancy
  7313 | D:6      | Found a staircase to the Ecumenical Temple.
  7320 | Temple   | Entered the Ecumenical Temple
  8133 | D:7      | Reached skill level 5 in Spellcasting
  8532 | D:7      | Reached skill level 8 in Necromancy
  8699 | D:8      | Found a sacrificial altar of Ru.
  8746 | D:8      | Noticed Grum
  8746 | D:8      | Gained mutation: You passively map the area around you. [Deep Dwarf growth]
  8746 | D:8      | Reached XP level 9. HP: 54/68 MP: 3/16
  8907 | D:8      | Noticed Gastronok
  9216 | D:4      | Reached skill level 5 in Maces & Flails
  9222 | D:4      | Killed Dowan
  9226 | D:4      | Killed Menkaure
  9249 | D:4      | Killed Duvessa
  9406 | D:4      | Killed Eustachio
  9766 | Temple   | Became a worshipper of Makhleb the Destroyer
  9853 | D:8      | Noticed a two-headed ogre
  9865 | D:7      | Killed Grum
  9988 | D:7      | HP: 3/69 [two-headed ogre/dire flail (23)]
  9989 | D:7      | Slain by a two-headed ogre

Vault maps used:
D:1:      lemuel_arrival_funnel, minmay_misc_feat_columns
D:2:      cheibrodos_fertilizer, overflow_temple_1_default,
          amethyst_overflow_temple_binary, first_ration, minmay_tromino_mix6,
          uniq_terence
D:3:      gammafunk_temple_overflow_wave, nicolae_tso_swordbearing_angel
D:4:      uniq_menkaure, uniq_duvessa, uniq_eustachio
D:6:      minmay_temple_entry_trees
D:7:      the_bakery
D:8:      nicolae_ru_awakened_eye, uniq_grum, uniq_gastronok
Temple:   lightli_temple_of_artemis

Skill      XL: |  1  2  3  4  5  6  7  8  9 |
---------------+----------------------------+-----
Spellcasting   | 2 3 4 5 |  5.9
Stealth        | 3 |  3.1
Dodging        | 3 4 5 7 |  7.7
Necromancy     | 5 6 8 |  8.7
Maces & Flails | 1 3 4 5 |  5.5
Fighting       | |  0.8

Action                   |  1- 3 |  4- 6 |  7- 9 || total
-------------------------+-------+-------+-------++-------
Melee: Spear             |     5 |     7 |       ||    12
       Flail             |       |    16 |   114 ||   130
 Cast: Pain              |    63 |   108 |    83 ||   254
       Animate Skeleton  |     2 |     4 |     2 ||     8
       Vampiric Draining |       |    24 |    67 ||    91
       Animate Dead      |       |     3 |     3 ||     6
 Abil: Heal Wounds       |       |     1 |     5 ||     6
  Use: Scroll            |       |     6 |     5 ||    11
       Potion            |       |       |     5 ||     5
 Stab: Distracted        |       |       |     1 ||     1
  Eat: Chunk             |     3 |     6 |    11 ||    20
       Ration            |       |     2 |     3 ||     5
Armor: Robe              |    11 |     9 |     6 ||    26
       Leather armour    |       |       |    59 ||    59
Dodge: Dodged            |    18 |    52 |   195 ||   265

Table legend:
 A = Spawn XP
 B = Non-spawn XP
 C = Spawn XP percentage of total XP
 D = Spawn monster count
 E = Non-spawn monster count
 F = Spawn count percentage of total count
 G = Total turns spent on level
                    A         B        C        D         E        F      G
               +---------+---------+-------+---------+---------+-------+---------
         Total |       0 |    4133 |   0.0 |       0 |     158 |   0.0 |  9989
               +---------+---------+-------+---------+---------+-------+---------
           D:1 |       0 |      81 |   0.0 |       0 |      24 |   0.0 |  1168
           D:2 |       0 |     203 |   0.0 |       0 |      40 |   0.0 |  1989
           D:3 |       0 |     145 |   0.0 |       0 |      13 |   0.0 |  1125
           D:4 |       0 |     705 |   0.0 |       0 |      15 |   0.0 |  1044
           D:5 |       0 |     761 |   0.0 |       0 |      17 |   0.0 |  1720
           D:6 |       0 |     474 |   0.0 |       0 |      16 |   0.0 |  1084
           D:7 |       0 |    1404 |   0.0 |       0 |      25 |   0.0 |  1613
           D:8 |       0 |     360 |   0.0 |       0 |       8 |   0.0 |    95
               +---------+---------+-------+---------+---------+-------+---------
